 Dungeon Crawl Stone Soup version 0.16.1-18-g436b03c (webtiles) character file.

210 Nothgar the Shield-Bearer (level 5, -5/44 HPs)
             Began as a Deep Dwarf Fighter on May 13, 2015.
             Slain by Grinder (7 damage)
             ... on level 3 of the Dungeon.
             The game lasted 00:23:51 (3313 turns).

Nothgar the Shield-Bearer (Deep Dwarf Fighter)      Turns: 3313, Time: 00:23:51

Health: -5/44      AC:  9    Str: 21    XL:     5   Next: 56%
Magic:  5/5        EV:  9    Int:  8    God:
Gold:   126        SH: 10    Dex: 12    Spells: 0 memorised, 4 levels left

rFire  . . .     SeeInvis .     p - +3 falchion (freeze)
rCold  . . .     Clarity  .     b - +2 scale mail
rNeg   . . .     SustAb   .     c - +0 shield
rPois  .         Gourm    +     (no helmet)
rElec  .         Spirit   .     (no cloak)
rCorr  .         Warding  .     (no gloves)
rMut   .         Stasis   .     (no boots)
MR     +....                    k - amulet of the gourmand
Stlth  ..........               (no ring)
                                (no ring)

@: lethally poisoned (-5 -> -7), non-regenerating, slowed, very slow, somewhat
resistant to hostile enchantments, extremely unstealthy
A: damage resistance, recharge devices, blurry vision 1, frail 1, magic
resistance 1, sense surroundings 1, slow healing 3
a: Device Recharging


You were on level 3 of the Dungeon.
You were not hungry.

You visited 1 branch of the dungeon, and saw 3 of its levels.

You collected 126 gold pieces.

Inventory:

Hand weapons
 a - a +0 long sword
 h - a +0 short sword
 j - a +2 dagger of holy wrath
 l - a +0 spear
 p - a +3 falchion of freezing (weapon)
 q - a +0 spear
Armour
 b - a +2 scale mail (worn)
 c - a +0 shield (worn)
 e - a +0 scale mail
 i - a +0 robe
Jewellery
 k - an amulet of the gourmand (around neck)
Magical devices
 d - a wand of heal wounds (0)
 v - a wand of confusion (18)
Scrolls
 m - a scroll of teleportation
 o - a scroll of identify
 s - a scroll of random uselessness
 t - a scroll of blinking {unknown}
Potions
 n - a potion of poison {unknown}
Comestibles
 f - a beef jerky
 g - 2 meat rations
 r - 3 bread rations
 u - 2 fruits


   Skills:
 + Level 3.3 Fighting
 + Level 2.6 Long Blades
 + Level 4.3 Armour
 + Level 2.9 Dodging
 + Level 0.3 Stealth
 + Level 4.4 Shields


You had 4 spell levels left.
You didn't know any spells.

Dungeon Overview and Level Annotations

Branches:
Dungeon (3/15)

Altars:
Dithmenos

Annotations:
D:3 Grinder


Innate Abilities, Weirdness & Mutations

You are resistant to damage.
You can recharge devices by infusing magical energy.
You passively map a small area around you.
You do not heal naturally.
Scrolls take you a little longer to read.
You are frail (-10% HP).
You are resistant to hostile enchantments.


Message History

The quokka is severely wounded.
* * * LOW HITPOINT WARNING * * *
You feel very sick. You block the goblin's attack.
You block the quokka's attack. The goblin barely misses you.
The quokka barely misses you.
You hit Grinder.
Grinder is lightly wounded.
You feel very sick. Grinder hits you.
* * * LOW HITPOINT WARNING * * *
You writhe in agony.
* * * LOW HITPOINT WARNING * * *
The quokka completely misses you. The goblin hits you but does no damage.
Grinder closely misses you. The quokka bites you.
* * * LOW HITPOINT WARNING * * *
You block the goblin's attack.
Read which item? (? for menu, Esc to quit)
* * * LOW HITPOINT WARNING * * *
You feel sick. Grinder hits you!
You die...

#.......###.[....#,,,,,
#.......#......#.#.****
#.......)...........*
#.......#........#..#
#.......####........*
#.......# #####.##.*
#.......# *.#*,*
##....5###### *.#*,*
#....@.....# *,**,*
#...gr.....#***,**,***
#..........+,,,,,,,,,,
#..........#***,******
###........# *,******
#.......$# *,,,,,,,
#........* *,*****,
########** *,* *, *,*
**


You could see Grinder, a quokka and a goblin.

Vanquished Creatures
  Robin (D:3)
  10 adders
  3 worms
  A giant gecko (D:1)
  An ooze (D:1)
  8 bats
  9 hobgoblins
  9 kobolds
  6 giant cockroaches
  A giant newt (D:1)
  16 goblins
  15 jackals
  8 rats
88 creatures vanquished.

Notes
Turn   | Place    | Note
--------------------------------------------------------------
     0 | D:1      | Nothgar, the Deep Dwarf Fighter, began the quest for the Orb.
     0 | D:1      | Reached XP level 1. HP: 20/20 MP: 1/1
   201 | D:1      | Reached XP level 2. HP: 16/27 MP: 2/2
   987 | D:1      | Reached skill level 1 in Dodging
  1120 | D:1      | Reached XP level 3. HP: 19/33 MP: 3/3
  2010 | D:2      | Reached skill level 4 in Armour
  2019 | D:2      | Reached XP level 4. HP: 32/42 MP: 4/4
  2089 | D:2      | Found a shadowy altar of Dithmenos.
  2627 | D:2      | Reached XP level 5. HP: 31/49 MP: 5/5
  2629 | D:2      | Gained mutation: Scrolls take you a little longer to read. [potion of mutation]
  2629 | D:2      | Gained mutation: You are frail (-10% HP). [potion of mutation]
  2629 | D:2      | Gained mutation: You are resistant to hostile enchantments. [potion of mutation]
  2797 | D:3      | Noticed Robin
  2842 | D:3      | Killed Robin
  3288 | D:3      | Noticed Grinder
  3302 | D:3      | Paralysed by something for 7 turns
  3313 | D:3      | HP: 2/44 [poisoned by a goblin]
  3313 | D:3      | Slain by Grinder

Action                   |  1- 3 |  4- 6 || total
-------------------------+-------+-------++-------
Melee: Long sword        |   130 |       ||   130
       Falchion          |    24 |   123 ||   147
Evoke: Wand              |     2 |     4 ||     6
  Use: Potion            |     1 |     4 ||     5
       Scroll            |     1 |    11 ||    12
  Eat: Bread ration      |     1 |       ||     1
       Meat ration       |       |     1 ||     1
